TOP OF THE 1ST |
---|
Boston Rebels batting - Pitching for Hendersonville Hitmen : RHP Troy Parker | Pitching: RHP Troy Parker | | Batting: LHB Pat Zimmerman | 0-0: SINGLE (Groundball, 6D) | Batting: LHB Felipe Guerrero | 0-0: 2-RUN HOME RUN (Flyball, 9LD), Distance : 362 ft | Batting: SHB António Enríquez | 0-0: Ground out 4-3 (Groundball, 4) | Batting: LHB Ricardo Brandariz | 0-0: Foul Ball, location: 2F 0-1: Ground out 3-1 (Groundball, 34) | Batting: RHB Gerald Burnett | 0-0: Called Strike 0-1: Ball 1-1: Swinging Strike 1-2: Ball 2-2: Strikes out looking | Top of the 1st over - 2 runs, 2 hits, 0 errors, 0 left on base; Boston 2 - Hendersonville 0 | BOTTOM OF THE 1ST |
---|
Hendersonville Hitmen batting - Pitching for Boston Rebels : RHP Arthur Green | Pitching: RHP Arthur Green | | Batting: SHB José Estreito | 0-0: Ball 1-0: Called Strike 1-1: Called Strike 1-2: Strikes out swinging | Batting: SHB Miguel González | 0-0: Foul Ball, location: 2F 0-1: Swinging Strike 0-2: Fly out, F4 (Flyball, 34D) | Batting: SHB Tony López | 0-0: Ground out 4-3 (Groundball, 4) | Bottom of the 1st over - 0 runs, 0 hits, 0 errors, 0 left on base; Boston 2 - Hendersonville 0 | TOP OF THE 2ND |
---|
Boston Rebels batting - Pitching for Hendersonville Hitmen : RHP Troy Parker | Batting: LHB Howard Lambert | 0-0: Called Strike 0-1: Ball 1-1: Foul Ball, location: 2F 1-2: Ground out 4-3 (Groundball, 4S) | Batting: RHB Roberto Chávez | 0-0: Ball 1-0: Called Strike 1-1: Foul Ball, location: 2F 1-2: Ball 2-2: Strikes out looking | Batting: RHB Aaron Wilson | 0-0: Called Strike 0-1: Called Strike 0-2: SINGLE (Groundball, 56D) | Batting: RHB Ed Watkins | 0-0: Ball 1-0: Ball 2-0: Ball 3-0: Swinging Strike 3-1: Base on Balls Aaron Wilson to second | Batting: LHB Pat Zimmerman | 0-0: Called Strike 0-1: Ball 1-1: Ball 2-1: Ball 3-1: Called Strike 3-2: Fly out, F8 (Line Drive, 8LM) | Top of the 2nd over - 0 runs, 1 hit, 0 errors, 2 left on base; Boston 2 - Hendersonville 0 | BOTTOM OF THE 2ND |
---|
Hendersonville Hitmen batting - Pitching for Boston Rebels : RHP Arthur Green | Batting: LHB Robert Phillips | 0-0: Swinging Strike 0-1: Foul Ball, location: 2F 0-2: Ball 1-2: Strikes out swinging | Batting: SHB Rick Turner | 0-0: Called Strike 0-1: Ball 1-1: Swinging Strike 1-2: Strikes out swinging | Batting: RHB Felipe Jareńo | 0-0: Called Strike 0-1: Ball 1-1: Fly out, F8 (Flyball, 78M) | Bottom of the 2nd over - 0 runs, 0 hits, 0 errors, 0 left on base; Boston 2 - Hendersonville 0 | TOP OF THE 3RD |
---|
Boston Rebels batting - Pitching for Hendersonville Hitmen : RHP Troy Parker | Batting: LHB Felipe Guerrero | 0-0: Ball 1-0: SINGLE (Line Drive, 89S) | Batting: SHB António Enríquez | 0-0: Ball 1-0: Ball 2-0: Called Strike 2-1: Foul Ball, location: 2F 2-2: Ball 3-2: SINGLE (Groundball, 34D) Felipe Guerrero to second Felipe Guerrero to third | Batting: LHB Ricardo Brandariz | 0-0: Fly out, F8 (Flyball, 8LS) | Batting: RHB Gerald Burnett | 0-0: Called Strike 0-1: Ball 1-1: Foul Ball, location: 2F 1-2: Reached on error, E4 (Line Drive, 4M) Felipe Guerrero scores António Enríquez to second | Batting: LHB Howard Lambert | 0-0: Ball 1-0: Ball 2-0: Ball 3-0: Base on Balls António Enríquez to third Gerald Burnett to second | Batting: RHB Roberto Chávez | 0-0: SINGLE (Groundball, 4D) António Enríquez scores Gerald Burnett to third Howard Lambert to second Runner from 3rd tries for Home, SAFE, throw made home | Batting: RHB Aaron Wilson | 0-0: Called Strike 0-1: Fielders Choice at 2nd, 5-4 (Groundball, 56) Howard Lambert to third | Batting: RHB Ed Watkins | 0-0: Called Strike 0-1: Ball 1-1: Ball 2-1: Called Strike 2-2: Ball 3-2: Foul Ball, location: 2F 3-2: Foul Ball, location: 2F 3-2: Base on Balls Aaron Wilson to second | Batting: LHB Pat Zimmerman | 0-0: Ball 1-0: Fly out, F7 (Flyball, 7S) | Top of the 3rd over - 3 runs, 3 hits, 1 error, 3 left on base; Boston 5 - Hendersonville 0 | BOTTOM OF THE 3RD |
---|
Hendersonville Hitmen batting - Pitching for Boston Rebels : RHP Arthur Green | Batting: LHB Tommy Payne | 0-0: Ball 1-0: Foul Ball, location: 2F 1-1: SINGLE (Groundball, 34D) | Batting: RHB Ron Glass | 0-0: Called Strike 0-1: Foul Ball, location: 2F 0-2: Ball 1-2: Ball 2-2: Grounds into double play, 4-6-3 (Groundball, 4) | Batting: RHB Rafael González | 0-0: Foul Ball, location: 2F 0-1: Fly out, F7 (Flyball, 7) | Bottom of the 3rd over - 0 runs, 1 hit, 0 errors, 0 left on base; Boston 5 - Hendersonville 0 | TOP OF THE 4TH |
---|
Boston Rebels batting - Pitching for Hendersonville Hitmen : RHP Troy Parker | Batting: LHB Felipe Guerrero | 0-0: Ball 1-0: Called Strike 1-1: Ground out 4-3 (Groundball, 4M) | Batting: SHB António Enríquez | 0-0: Swinging Strike 0-1: Swinging Strike 0-2: Ball 1-2: Ball 2-2: Foul Ball, location: 2F 2-2: Foul Ball, location: 2F 2-2: Strikes out looking | Batting: LHB Ricardo Brandariz | 0-0: Called Strike 0-1: Swinging Strike 0-2: Ball 1-2: Foul Ball, location: 2F 1-2: Ball 2-2: Strikes out swinging | Top of the 4th over - 0 runs, 0 hits, 0 errors, 0 left on base; Boston 5 - Hendersonville 0 | BOTTOM OF THE 4TH |
---|
Hendersonville Hitmen batting - Pitching for Boston Rebels : RHP Arthur Green | Batting: SHB José Estreito | 0-0: Called Strike 0-1: Swinging Strike 0-2: Ball 1-2: Ball 2-2: Ball 3-2: Base on Balls | Batting: SHB Miguel González | 0-0: Grounds into double play, 6-4-3 (Groundball, 6) | Batting: SHB Tony López | 0-0: DOUBLE (Flyball, 8RXD) | Batting: LHB Robert Phillips | 0-0: Fly out, F2 (Popup, 25F) | Bottom of the 4th over - 0 runs, 1 hit, 0 errors, 1 left on base; Boston 5 - Hendersonville 0 | TOP OF THE 5TH |
---|
Boston Rebels batting - Pitching for Hendersonville Hitmen : RHP Troy Parker | Batting: RHB Gerald Burnett | 0-0: Ball 1-0: Ball 2-0: Ball 3-0: Base on Balls | Batting: LHB Howard Lambert | 0-0: Swinging Strike 0-1: Foul Ball, location: 2F 0-2: SINGLE (Flyball, 89M) Gerald Burnett to second | Batting: RHB Roberto Chávez | 0-0: Ball 1-0: Ball 2-0: Called Strike 2-1: Called Strike 2-2: SINGLE (Groundball, 56D) Gerald Burnett to third Howard Lambert to second | Batting: RHB Aaron Wilson | 0-0: Called Strike 0-1: Ball 1-1: Called Strike 1-2: Ball 2-2: Strikes out swinging | Batting: RHB Ed Watkins | 0-0: Foul Ball, location: 2F 0-1: SINGLE (Groundball, 6S) (infield hit) Gerald Burnett scores Howard Lambert to third Roberto Chávez to second | Batting: LHB Pat Zimmerman | 0-0: SINGLE (Groundball, 6D) Howard Lambert scores Roberto Chávez to third Ed Watkins to second | Batting: LHB Felipe Guerrero | 0-0: Ball 1-0: Ball 2-0: SINGLE (Groundball, 34D) Roberto Chávez scores Ed Watkins to third Pat Zimmerman to second Runner from 3rd tries for Home, SAFE, throw made home | Batting: SHB António Enríquez | 0-0: Called Strike 0-1: Grounds into double play, 5-4-3 (Groundball, 5) | Top of the 5th over - 4 runs, 5 hits, 0 errors, 1 left on base; Boston 9 - Hendersonville 0 | BOTTOM OF THE 5TH |
---|
Hendersonville Hitmen batting - Pitching for Boston Rebels : RHP Arthur Green | Batting: SHB Rick Turner | 0-0: Ground out 4-3 (Groundball, 4) | Batting: RHB Felipe Jareńo | 0-0: Ball 1-0: Ball 2-0: Foul Ball, location: 2F 2-1: Called Strike 2-2: Fly out, F7 (Flyball, 7LMF) | Batting: LHB Tommy Payne | 0-0: Ball 1-0: Ball 2-0: Foul Ball, location: 2F 2-1: Ball 3-1: Fly out, F5 (Popup, 25F) | Bottom of the 5th over - 0 runs, 0 hits, 0 errors, 0 left on base; Boston 9 - Hendersonville 0 | TOP OF THE 6TH |
---|
Boston Rebels batting - Pitching for Hendersonville Hitmen : RHP Troy Parker | Batting: LHB Ricardo Brandariz | 0-0: Ball 1-0: Called Strike 1-1: Ball 2-1: Foul Ball, location: 2F 2-2: Ball 3-2: Foul Ball, location: 2F 3-2: Base on Balls | Batting: RHB Gerald Burnett | 0-0: Foul Ball, location: 2F 0-1: Foul Ball, location: 2F 0-2: Ball Ricardo Brandariz is caught stealing 2nd base 1-2: Strikes out swinging | Batting: LHB Howard Lambert | 0-0: Called Strike 0-1: Ground out 4-3 (Groundball, 4) | Top of the 6th over - 0 runs, 0 hits, 0 errors, 0 left on base; Boston 9 - Hendersonville 0 | BOTTOM OF THE 6TH |
---|
Hendersonville Hitmen batting - Pitching for Boston Rebels : RHP Arthur Green | Batting: RHB Ron Glass | 0-0: Ball 1-0: Ball 2-0: Ball 3-0: Called Strike 3-1: Fly out, F8 (Line Drive, 8LM) | Batting: RHB Rafael González | 0-0: Ball 1-0: Ball 2-0: Called Strike 2-1: Called Strike 2-2: Ball 3-2: Base on Balls | Batting: SHB José Estreito | 0-0: Ball 1-0: Foul Ball, location: 2F 1-1: SINGLE (Flyball, 7LM) Rafael González to second | Batting: SHB Miguel González | 0-0: Ball 1-0: Foul Ball, location: 2F 1-1: Ball 2-1: Ball 3-1: Swinging Strike 3-2: Strikes out looking | Batting: SHB Tony López | 0-0: Ball 1-0: Ball 2-0: Foul Ball, location: 2F 2-1: Ground out U3 (Groundball, 3) | Bottom of the 6th over - 0 runs, 1 hit, 0 errors, 2 left on base; Boston 9 - Hendersonville 0 | TOP OF THE 7TH |
---|
Boston Rebels batting - Pitching for Hendersonville Hitmen : RHP Troy Parker | Batting: RHB Roberto Chávez | 0-0: Foul Ball, location: 2F 0-1: Ground out 6-3 (Groundball, 6) | Batting: RHB Aaron Wilson | 0-0: Called Strike 0-1: Fly out, F6 (Line Drive, 6) | Batting: RHB Ed Watkins | 0-0: Called Strike 0-1: Ball 1-1: Foul Ball, location: 2F 1-2: TRIPLE (Flyball, 7LD) | Pitching: RHP Bret McJannett | | Batting: LHB Pat Zimmerman | 0-0: Ball 1-0: Foul Ball, location: 2F 1-1: Fly out, F7 (Line Drive, 7) | Top of the 7th over - 0 runs, 1 hit, 0 errors, 1 left on base; Boston 9 - Hendersonville 0 | BOTTOM OF THE 7TH |
---|
Hendersonville Hitmen batting - Pitching for Boston Rebels : RHP Arthur Green | Batting: LHB Robert Phillips | 0-0: Ball 1-0: Called Strike 1-1: Ground out 6-3 (Groundball, 6) | Batting: SHB Rick Turner | 0-0: Ball 1-0: Called Strike 1-1: Ball 2-1: Ball 3-1: Base on Balls | Batting: RHB Felipe Jareńo | Pickoff Throw to First - Out! 0-0: Ball 1-0: Called Strike 1-1: Ball 2-1: Ball 3-1: DOUBLE (Line Drive, 7LM) | Batting: LHB Tommy Payne | 0-0: Ball 1-0: Swinging Strike 1-1: Foul Ball, location: 2F 1-2: Strikes out looking | Bottom of the 7th over - 0 runs, 1 hit, 0 errors, 1 left on base; Boston 9 - Hendersonville 0 | TOP OF THE 8TH |
---|
Boston Rebels batting - Pitching for Hendersonville Hitmen : RHP Bret McJannett | Batting: LHB Felipe Guerrero | 0-0: Foul Ball, location: 2F 0-1: Ground out 1-3 (Groundball, P) | Batting: SHB António Enríquez | 0-0: Foul Ball, location: 2F 0-1: Ball 1-1: Ball 2-1: Foul Ball, location: 2F 2-2: Foul Ball, location: 2F 2-2: Foul Ball, location: 2F 2-2: Foul Ball, location: 2F 2-2: Ball 3-2: Ground out 3-1 (Groundball, 34) | Batting: LHB Ricardo Brandariz | 0-0: DOUBLE (Line Drive, 9LM) | Batting: RHB Gerald Burnett | 0-0: Called Strike 0-1: Ball 1-1: Swinging Strike 1-2: SINGLE (Groundball, 34D) Ricardo Brandariz to third Runner from 3rd tries for Home, SAFE, no throw | Batting: LHB Howard Lambert | 0-0: Ball 1-0: Called Strike 1-1: Ball 2-1: Ball 3-1: Swinging Strike 3-2: Strikes out swinging | Top of the 8th over - 1 run, 2 hits, 0 errors, 1 left on base; Boston 10 - Hendersonville 0 | BOTTOM OF THE 8TH |
---|
Hendersonville Hitmen batting - Pitching for Boston Rebels : RHP Arthur Green | Batting: RHB Ron Glass | 0-0: Ball 1-0: Called Strike 1-1: DOUBLE (Groundball, 5L) | Batting: RHB Rafael González | 0-0: Ground out 4-3 (Groundball, 4M) Ron Glass to third | Batting: SHB José Estreito | 0-0: Ball 1-0: Called Strike 1-1: Ball 2-1: Ball 3-1: Called Strike 3-2: SINGLE (Groundball, 34D) Ron Glass scores | Batting: SHB Miguel González | 0-0: Called Strike 0-1: SINGLE (Groundball, 4MD) José Estreito to second Runner from 2nd tries for 3rd, SAFE, no throw | Batting: SHB Tony López | 0-0: Foul Ball, location: 2F 0-1: DOUBLE (Line Drive, 7LS) José Estreito scores Miguel González to third Runner from 3rd tries for Home, SAFE, no throw | Batting: LHB Robert Phillips | 0-0: SINGLE (Groundball, 4D) Tony López to third Runner from 3rd tries for Home, SAFE, no throw | Batting: SHB Rick Turner | 0-0: Ball 1-0: Fly out, F9 (Flyball, 9LDF) | Batting: RHB Felipe Jareńo | 0-0: Ball 1-0: Fly out, F9 (Line Drive, 9) | Bottom of the 8th over - 4 runs, 5 hits, 0 errors, 1 left on base; Boston 10 - Hendersonville 4 | TOP OF THE 9TH |
---|
Boston Rebels batting - Pitching for Hendersonville Hitmen : RHP Bret McJannett | Batting: RHB Roberto Chávez | 0-0: SINGLE (Groundball, 34) (infield hit) | Batting: RHB Aaron Wilson | 0-0: Ball 1-0: Called Strike 1-1: Reached on error, E6 (Groundball, 6) Roberto Chávez to second | Batting: RHB Ed Watkins | 0-0: Ball 1-0: Called Strike 1-1: Ball 2-1: Foul Ball, location: 2F 2-2: Ball 3-2: Foul Ball, location: 2F 3-2: Foul Ball, location: 2F 3-2: Foul Ball, location: 2F 3-2: Base on Balls Roberto Chávez to third Aaron Wilson to second | Batting: LHB Pat Zimmerman | 0-0: Ball 1-0: Foul Ball, location: 2F 1-1: Foul Ball, location: 2F 1-2: Strikes out swinging | Batting: LHB Felipe Guerrero | 0-0: Called Strike 0-1: Called Strike 0-2: TRIPLE (Flyball, 78D) Roberto Chávez scores Aaron Wilson scores Ed Watkins scores | Batting: SHB António Enríquez | 0-0: Called Strike 0-1: Swinging Strike 0-2: Ball 1-2: SINGLE (Groundball, 34D) Felipe Guerrero scores | Batting: LHB Ricardo Brandariz | 0-0: Swinging Strike 0-1: Ball 1-1: Ball 2-1: Called Strike 2-2: Strikes out swinging | Batting: RHB Gerald Burnett | 0-0: Called Strike 0-1: Ball 1-1: Called Strike 1-2: Strikes out swinging | Top of the 9th over - 4 runs, 3 hits, 1 error, 1 left on base; Boston 14 - Hendersonville 4 | BOTTOM OF THE 9TH |
---|
Hendersonville Hitmen batting - Pitching for Boston Rebels : RHP Arthur Green | Batting: LHB Tommy Payne | 0-0: Ball 1-0: Called Strike 1-1: Fly out, F9 (Flyball, 9LMF) | Batting: RHB Ron Glass | 0-0: Ground out 5-3 (Groundball, 56S) | Batting: RHB Rafael González | 0-0: Ground out 6-3 (Groundball, 6D) | Bottom of the 9th over - 0 runs, 0 hits, 0 errors, 0 left on base; Boston 14 - Hendersonville 4 | |